 Dungeon Crawl Stone Soup version 0.31.0-12-g77e489cdc1 (webtiles) character file.

Game seed: 17711900118400953238

933 Bobsterar the Changeling (level 8, 0/81 HPs)
             Began as an Octopode Shapeshifter on Mar 7, 2024.
             Was an Initiate of Ru.
             Slain by a kobold brigand
             ... wielding a +0 short sword
              (4 damage)
             ... on level 6 of the Dungeon.
             The game lasted 00:22:33 (5032 turns).

Bobsterar the Changeling (Octopode Shapeshifter)    Turns: 5032, Time: 00:22:33

Health: 0/81       AC: 24    Str: 23    XL:     8   Next: 11%
Magic:  12/12      EV:  2    Int: 12    God:    Ru [......]
Gold:   725        SH:  0    Dex: 10    Spells: 13/13 levels left

rFire   + .          .
                       - Unarmed
rCold   + . .        (no shield)
rNeg    . . .        (helmet currently unavailable)
rPois   +            g - amulet of faith
rElec   +            l - +6 ring of strength
rCorr   +            (no ring)
SInv    .            (no ring)
Will    .....        (no ring)
Stlth   +            (no ring)
HPRegen 0.33/turn    (no ring)
MPRegen 0.13/turn    (no ring)
                     (no ring)

%: clarity, faith
@: on fire, tree-form, resistant, glowing
A: stationary, stasis, torment immunity, boosted hp, almost no armour,
(amphibious), 8 rings, (camouflage 1), (gelatinous body 1), (nimble swimmer 1),
(tentacles), clarity, clumsy 1, strong 1, wild magic 1, no potion heal 1
a: Renounce Religion


You were on level 6 of the Dungeon.
You worshipped Ru.
Ru was noncommittal.
You were a tree.
You visited 2 branches of the dungeon, and saw 7 of its levels.
You also visited: Sewer.

You collected 725 gold pieces.

Inventory:

Armour
 d - a +1 robe
Jewellery
 e - an amulet of the acrobat
 g - an amulet of faith (around neck)
 l - a +6 ring of strength (left branch)
Talismans
 b - a beast talisman
 c - a flux talisman
 o - a maw talisman
Scrolls
 i - 3 scrolls of teleportation
 j - 2 scrolls of blinking (quivered)
 m - 2 scrolls of revelation {unknown}
 p - 2 scrolls of vulnerability {unknown}
 v - a scroll of torment {unknown}
 w - a scroll of amnesia {unknown}
Potions
 h - 2 potions of brilliance
 q - 3 potions of haste {unknown}
 r - 2 potions of invisibility {unknown}
 s - a potion of enlightenment {unknown}
 t - 2 potions of cancellation {unknown}
 u - a potion of might {unknown}


   Skills:
 + Level 3.6 Fighting
 + Level 4.1 Dodging
 + Level 4.6 Unarmed Combat
 + Level 3.0 Spellcasting
 * Level 5.6 Shapeshifting


You had 13 spell levels left.
You didn't know any spells.
Your spell library contained the following spells:

 Spells                   Type           Power      Damage    Failure   Level
 Apportation              Tloc           4%         N/A       32%         1
 Necrotise                Necr           8%         1d4       32%         1
 Sting                    Conj/Alch      8%         1d3       32%         1
 Summon Small Mammal      Summ           8%         N/A       32%         1
 Mercury Vapours          Alch/Air       4%         N/A       45%         2
 Call Canine Familiar     Summ           2%         N/A       67%         3
 Dazzling Flash           Conj/Hex       4%         N/A       67%         3
 Inner Flame              Hex/Fire       2%         N/A       67%         3
 Sigil of Binding         Hex            2%         N/A       67%         3
 Volatile Blastmotes      Fire/Tloc      4%         2d10      67%         3
 Dimensional Bullseye     Hex/Tloc       1%         N/A       96%         4
 Olgreb's Toxic Radiance  Alch           2%         N/A       96%         4
 Irradiate                Conj/Alch      1%         3d12      100%        5
 Starburst                Conj/Fire      1%         6d3       100%        6
 Ignition                 Fire           1%         3d3       100%        8
 Maxwell's Capacitive Co  Air            1%         ∞         100%        8


Dungeon Overview and Level Annotations

Branches:
Dungeon (6/15)             Temple (1/1) D:4           Sewer (visited)

Altars:
Ashenzari
Cheibriados
Dithmenos
Elyvilon
Fedhas
Gozag
Hepliaklqana
Kikubaaqudgha
Makhleb
Nemelex Xobeh
Okawaru
Qazlal
Ru
Sif Muna
Trog
Uskayaw
Vehumet
Wu Jian
Xom
Yredelemnul
Zin
The Shining One


Innate Abilities, Weirdness & Mutations

You are a tree.
Your roots penetrate the ground, keeping you stationary.
You cannot be teleported.
You are immune to unholy pain and torment.
Your maximum health is greatly increased.
You cannot wear most types of armour.
((You are amphibious.))
You can wear up to eight rings at the same time.
((Your skin changes colour to match your surroundings (Stealth+).))
((Your rubbery body absorbs attacks. (AC +1, EV +1)))
((You are camouflaged when in or above water. (Stealth+)))
((You have tentacles for arms and can constrict up to eight enemies at once.))
You possess an exceptional clarity of mind.
You are clumsy. (Dex -2)
Your muscles are strong. (Str +4, Int/Dex -1)
Your spells are a little harder to cast, but a little more powerful.
Potions are less effective at restoring your health.


Message History

You smack the water moccasin!
The water moccasin is heavily wounded.
The liquid fire burns you!
* * * LOW HITPOINT WARNING * * *
The water moccasin bites you but does no damage.
The howler monkey hits you but does no damage.
The kobold brigand hits you but does no damage.
The water moccasin bites you.
* * * LOW HITPOINT WARNING * * *
It was a potion of curing.
Your system partially rejects the healing.
You feel better. The liquid fire burns you!
* * * LOW HITPOINT WARNING * * *
The howler monkey hits you but does no damage.
The kobold brigand hits you with a +0 short sword.
* * * LOW HITPOINT WARNING * * *
The water moccasin bites you but does no damage.
Your system partially rejects the healing.
You feel better. The liquid fire burns you!
* * * LOW HITPOINT WARNING * * *
The howler monkey hoots and howls with incredible vigour!
The water moccasin bites you but does no damage.
The kobold brigand barely misses you.
The howler monkey completely misses you.
You hear an angry growl.
You hear a shout! x5
Your system partially rejects the healing.
You feel better. The liquid fire burns you!
* * * LOW HITPOINT WARNING * * *
The water moccasin bites you but does no damage.
The kobold brigand hits you but does no damage.
The howler monkey completely misses you.
The water moccasin bites you but does no damage.
You barely miss the howler monkey. The liquid fire burns you!
* * * LOW HITPOINT WARNING * * *
The kobold brigand hits you with a +0 short sword.
You die...

..>... ..... #. ..
.... #.# #. ...#
... .. ##...###
#>##. #$B....#
#.... #.)..# ...
###....#
##.#####♣hK...#
#.....)SK#.####
.......####.#..###
#####.##...###...#
#. #.#. #..##.# #
#..##.##.# .#
...###.## .#
#.##.#.## # #.
#.#####


You could see a water moccasin, a kobold brigand, a howler monkey (catching
breath) and a kobold.

Vanquished Creatures
  An ogre (D:5)
  3 kobold brigands (Sewer)
  2 scorpions
  2 hounds
  3 bombardier beetles
  An orc priest (D:5)
  A gnoll bouda (D:4)
  An iguana (D:5)
  An orc wizard (D:5)
  4 gnolls (D:4)
  9 adders
  2 ufetubi (D:5)
  3 dart slugs (D:4)
  3 ribbon worms
  9 orcs
  6 bats
  9 endoplasms
  10 giant cockroaches
  12 goblins
  3 hobgoblins
  6 quokkas
  9 ball pythons
  3 frilled lizards
  27 kobolds
  4 rats
134 creatures vanquished.

Vanquished Creatures (others)
  A hobgoblin (D:4)
1 creature vanquished.

Grand Total: 135 creatures vanquished

Notes
Turn   | Place    | Note
-------+----------+-------------------------------------------
     0 | D:1      | Bobsterar the Octopode Shapeshifter began the quest for the
                  | Orb.
     0 | D:1      | Reached XP level 1. HP: 13/13 MP: 1/1
   144 | D:1      | Reached XP level 2. HP: 18/18 MP: 2/2
   790 | D:2      | Reached XP level 3. HP: 23/23 MP: 4/4
  1063 | D:2      | Reached skill level 1 in Spellcasting
  1392 | D:2      | Reached XP level 4. HP: 28/28 MP: 5/5
  1493 | D:3      | Found a burning altar of Makhleb.
  1580 | D:3      | Found a glowing drain.
  1584 | Sewer    | Entered a sewer
  1600 | Sewer    | Reached XP level 5. HP: 31/34 MP: 5/7
  1866 | Sewer    | Noticed a kobold brigand
  1866 | Sewer    | Noticed a kobold brigand
  1868 | Sewer    | Reached skill level 4 in Shapeshifting
  1869 | Sewer    | Killed a kobold brigand
  1873 | Sewer    | Killed a kobold brigand
  1874 | Sewer    | Reached XP level 6. HP: 30/41 MP: 8/8
  1954 | Sewer    | Identified a scroll of acquirement
  1954 | Sewer    | Acquired 456 gold pieces
  2015 | Sewer    | Gained mutation: Your flesh is cold resistant. (rC+)
                  | [potion of mutation]
  2015 | Sewer    | Gained mutation: Your flesh is heat resistant. (rF+)
                  | [potion of mutation]
  2015 | Sewer    | Gained mutation: You are clumsy. (Dex -2) [potion of
                  | mutation]
  2016 | Sewer    | Lost mutation: Your flesh is heat resistant. (rF+) [potion
                  | of mutation]
  2016 | Sewer    | Lost mutation: Your flesh is cold resistant. (rC+) [potion
                  | of mutation]
  2016 | Sewer    | Gained mutation: Your muscles are strong. (Str +4, Int/Dex
                  | -1) [potion of mutation]
  2016 | Sewer    | Gained mutation: Your spells are a little harder to cast,
                  | but a little more powerful. [potion of mutation]
  2016 | Sewer    | Gained mutation: Potions are less effective at restoring
                  | your health. [potion of mutation]
  2016 | Sewer    | Gained mutation: You possess an exceptional clarity of
                  | mind. [potion of mutation]
  2368 | D:4      | Found a shimmering altar of Xom.
  2380 | D:4      | Reached XP level 7. HP: 34/45 MP: 10/10
  2531 | D:4      | Found a glowing silver altar of Zin.
  2986 | D:4      | Found a staircase to the Ecumenical Temple.
  2993 | Temple   | Entered the Ecumenical Temple
  3290 | Temple   | Became a worshipper of Ru the Awakened
  3571 | D:5      | Entered Level 5 of the Dungeon
  3591 | D:5      | Reached skill level 5 in Shapeshifting
  4486 | D:5      | Reached XP level 8. HP: 47/52 MP: 12/12
  5028 | D:6      | HP: 2/81 [water moccasin (5)]
  5032 | D:6      | Slain by a kobold brigand

Illustrated notes

Levels and vault maps discovered:
D:1:      scummos_arrival_simple_fountains, layout_loops_ring, dk_noncrumbling_2
D:2:      layout_basic
D:3:      layout_rooms, nicolae_overflow_crystal_walls, gup_sewer_entry_bowl
D:4:      layout_loops_ring, kennysheep_little_box, xom_confusion_cloud,
          minmay_temple_entry_enclosed_plants
D:5:      layout_layer_cave
D:6:      layout_loops_cross, minivault_19, mumra_transporter_accident,
          amethyst_killhole
Temple:   compressed_dpeg_triangle_lava_temple

Skill      XL: |  1  2  3  4  5  6  7  8 |
---------------+-------------------------+-----
Spellcasting   | 1 2 3 |  3.0
Fighting       | 2 3 |  3.6
Shapeshifting  | 4 5 |  5.6
Dodging        | 3 4 |  4.1
Unarmed Combat | 4 |  4.6

Action                     |  1- 3 |  4- 6 |  7- 9 || total
---------------------------+-------+-------+-------++-------
  Melee: Unarmed           |    69 |    74 |    85 ||   228
         Constrict         |    19 |    18 |    20 ||    57
         Tentacles         |    12 |    17 |    19 ||    48
         Punch             |       |     3 |     3 ||     6
Ability: Begin Untransform |       |       |     1 ||     1
  Evoke: Wand              |       |     6 |     7 ||    13
    Use: Scroll            |       |     5 |     4 ||     9
         Potion            |       |     2 |    11 ||    13
   Stab: Sleeping          |     7 |    10 |     2 ||    19
 Armour: Skin              |    24 |    29 |    80 ||   133
  Dodge: Dodged            |    32 |    30 |    56 ||   118
   Form: Beast             |     1 |       |       ||     1
